Unix NetHack Version 3.7.0-97 Work-in-progress - last build Feb 8 2024 15:05:57 (6d6cdf8371b60126770a3d7b88910941cb14a054,branch:master). Game began 2024-02-17 10:31:45, ended 2024-02-17 10:51:44. elenmirie, neutral female gnomish Archeologist --------- #-........# #|.......|#### ---------- #--------- # |........+### ----- ### # |.<.....(| #### |...| # ## ------------ |........-#### #..((| # ###...........| #.........| #######|.(.| ## |..........| #---+------ #|...u@ ## |..........| # #-----m ###### # #####-.........^| # # d ------.-----# # ------------ # # # |...........# # # # ####|..........| ######### ------# # #-..........-## |.[[.|# -------------# -------.---- |)[[.-###### |..(........|# # |[.[.| ##.>..........|# ------ |............# ------------- Elenmirie the Field Worker St:14 Dx:12 Co:16 In:16 Wi:14 Ch:10 Neutral Dlvl:2 $:103 HP:0(34) Pw:32(32) AC:5 Xp:5/194 T:3270 Burdened Latest messages: The manes hits! The manes just misses! The manes bites! You destroy the manes! You swap places with your pony. The manes misses! The manes misses! The manes bites! The pony hits the manes. The manes is destroyed! You swap places with your pony. You climb up the stairs. You see here a locked chest. "Hello, elenmirie! Welcome again to Zonguldak's used armor dealership!" You swap places with your pony. You hear someone cursing shoplifters. You swap places with your pony. You swap places with your pony. You swap places with your pony. You swap places with your pony. Wait! That's a small mimic! You miss the small mimic. You lash the small mimic. The small mimic hits! You lash the small mimic. You lash the small mimic. You lash the small mimic. You lash the small mimic. You lash the small mimic. The small mimic hits! You lash the small mimic. You lash the small mimic. You lash the small mimic. The small mimic hits! You lash the small mimic. You miss the small mimic. You lash the small mimic. You lash the small mimic. You lash the small mimic. You lash the small mimic. The small mimic hits! You lash the small mimic. You lash the small mimic. The small mimic hits! You die... Do you want your possessions identified? [ynq] (y) y Do you want to see your attributes? [ynq] (y) y Do you want an account of creatures vanquished? [ynaq] (y) y Do you want to see your conduct and achievements? [ynq] (y) y Do you want to see the dungeon overview? [ynq] (y) y Inventory: Coins $ - 103 gold pieces Weapons I - 20 uncursed +0 darts (at the ready) a - an uncursed +2 bullwhip (weapon in right hand) Armor c - an uncursed +0 fedora (being worn) m - a blessed +1 pair of kicking boots (being worn) n - an uncursed +0 shield of reflection (being worn) A - an uncursed +0 cloak of invisibility M - an uncursed +0 leather armor b - an uncursed +0 leather jacket (being worn) Comestibles i - an uncursed apple d - 2 uncursed food rations Potions L - an uncursed potion of levitation Rings v - a cursed ring of polymorph Tools w - an uncursed sack containing 10 items D - an uncursed expensive camera (0:48) x - a blessed magic lamp q - a blessed oil lamp P - an uncursed stethoscope f - an uncursed tinning kit (0:74) Gems/Stones B - an uncursed luckstone g - an uncursed touchstone Contents of the sack: an uncursed scroll of amnesia an uncursed scroll of food detection a blessed scroll of light an uncursed potion of extra healing a cursed potion of fruit juice an uncursed potion of hallucination an uncursed potion of polymorph 2 uncursed potions of sleeping 3 uncursed potions of water an uncursed +0 pick-axe Elenmirie the Archeologist's attributes: Background: You were a Field Worker, a level 5 female gnomish Archeologist. You were neutral, on a mission for Camaxtli who was opposed by Quetzalcoatl (lawful) and Huhetotl (chaotic). You were right-handed. You were in the Dungeons of Doom, on level 2. You entered the dungeon 3270 turns ago. You had 194 experience points, 126 more were needed to attain level 6. Basics: You had 0 out of 34 hit points. You had all 32 energy points (spell power). Your armor class was 5. Your wallet contained 103 zorkmids. Autopickup was on for '$' plus thrown. Final Characteristics: Your strength was 14 (limit:18/50). Your dexterity was 12 (limit:18). Your constitution was 16 (limit:18). Your intelligence was 16 (limit:19). Your wisdom was 14 (limit:18). Your charisma was 10 (limit:18). Final Status: You weren't hungry. You were burdened; movement was slightly slowed. You were wielding a whip. You were skilled in whip. Final Attributes: You were piously aligned. You had automatic searching. You had infravision. You were stealthy. You had reflection. You were lucky. You had extra luck. Bad luck did not time out for you. Good luck did not time out for you. You are dead. Miscellaneous: You never encountered a bones level. Total elapsed playing time was 19 minutes and 57 seconds. Major events: Turn 1: elenmirie the neutral female gnomish Archeologist entered the dungeon 1173: attained the rank of Field Worker (level 3) 3270: killed by a small mimic Vanquished creatures: a rock mole a fog cloud a yellow light a shrieker a straw golem 4 rothes an iguana a hobbit 9 manes a hobgoblin 4 giant rats 2 cave spiders a yellow mold 6 geckos 5 jackals a fox 2 kobolds 2 goblins a sewer rat 4 grid bugs 2 bats 4 lichens 2 kobold zombies 7 newts 64 creatures vanquished. No species were genocided or became extinct. Voluntary challenges: You read items or engraved 1 time. You never engraved Elbereth. You never genocided any monsters. You never polymorphed an object. You never changed form. You used no wishes. Achievements: You entered a shop. You attained the rank of Field Worker. The Dungeons of Doom: levels 1 to 7 Level 1: Many altars. Level 2: <- You were here. Final resting place for you, killed by a small mimic. Level 3: Some fountains. Level 4: A general store. Level 5: A sink, a grave. Level 6: Level 7: Game over: ---------- / \ / REST \ / IN \ / PEACE \ / \ | elenmirie | | 103 Au | | killed by a | | small mimic | | | | | | 2024 | *| * * * | * _________)/\\_//(\/(/\)/\//\/|_)_______ Goodbye elenmirie the Archeologist... You died in The Dungeons of Doom on dungeon level 2 with 1169 points, and 103 pieces of gold, after 3270 moves. You were level 5 with a maximum of 34 hit points when you died.